 Dungeon Crawl Stone Soup version 0.28.0 (webtiles) character file.

Game seed: 10369962374310528100

212 boopmooplesden the Covered (level 5, -1/47 HPs)
             Began as a Minotaur Fighter on Feb 12, 2022.
             Slain by Grinder (3 damage)
             ... on level 3 of the Dungeon.
             The game lasted 00:01:56 (1732 turns).

boopmooplesden the Covered (Minotaur Fighter)       Turns: 1732, Time: 00:01:56

Health: -1/47      AC:  7    Str: 22    XL:     5   Next: 58%
Magic:  4/4        EV:  9    Int:  5    God:
Gold:   88         SH:  4    Dex: 10    Spells: 4/4 levels left

rFire   . . .      SeeInvis .   a - +0 war axe
rCold   . . .      Faith    .   c - +0 buckler
rNeg    . . .      Spirit   .   b - +0 scale mail
rPois   .          Reflect  .   (helmet restricted)
rElec   .          Harm     .   (no cloak)
rCorr   .          Rampage  .   (no gloves)
Will    .....                   (no boots)
Stlth   ..........              (no amulet)
HPRegen 0.15/turn               (no ring)
MPRegen 0.09/turn               (no ring)

@: no status effects
A: horns 2, retaliatory headbutt
a: no special abilities


You were on level 3 of the Dungeon.
You visited 1 branch of the dungeon, and saw 3 of its levels.

You collected 88 gold pieces.

Inventory:

Hand Weapons
 a - a +0 war axe (weapon)
Missiles
 l - 6 boomerangs (quivered)
Armour
 b - a +0 scale mail (worn)
 c - a +0 buckler (worn)
 e - a +0 cloak
Wands
 o - a wand of flame (3)
Scrolls
 g - a scroll of identify {unknown}
 k - a scroll of enchant weapon {unknown}
Potions
 d - 2 potions of might
 f - 3 potions of curing
 h - a potion of haste {unknown}
 i - a potion of berserk rage {unknown}
 j - a potion of flight {unknown}
 m - a potion of brilliance {unknown}
 n - a potion of attraction {unknown}


   Skills:
 + Level 4.5 Fighting
 + Level 4.6 Axes
 + Level 5.0 Armour
 + Level 1.2 Dodging
 + Level 4.3 Shields


You had 4 spell levels left.
You didn't know any spells.
Your spell library was empty.

Dungeon Overview and Level Annotations

Branches:
Dungeon (3/15)

Altars:
Elyvilon
Vehumet

Annotations:
D:3 Grinder


Innate Abilities, Weirdness & Mutations

You have a pair of horns on your head.
You reflexively headbutt those who attack you in melee.


Message History

A ball python is nearby!
You slash the ball python!
You kill the ball python!
You now have 77 gold pieces (gained 15).
You now have 88 gold pieces (gained 11).
Grinder comes into view.
Grinder shouts!
Grinder gestures at you. Pain shoots through your body!
Grinder gestures at you. Pain shoots through your body!
Found a stone staircase leading down.
A worm comes into view.
You slash Grinder!
Grinder is lightly wounded.
Grinder hits you but does no damage.
You barely miss Grinder. You headbutt Grinder.
Grinder is moderately wounded.
You block Grinder's attack.
You hit Grinder.
Grinder is moderately wounded.
You block Grinder's attack. Grinder gestures at you.
Pain shoots through your body!
You closely miss Grinder.
Grinder is moderately wounded.
Grinder says, "Tell me all your secrets, or I'll kill you."
Grinder gestures at you. Pain shoots through your body!
* * * LOW HITPOINT WARNING * * *
You barely miss Grinder.
Grinder is moderately wounded.
Grinder hits you.
* * * LOW HITPOINT WARNING * * *
You writhe in agony.
* * * LOW HITPOINT WARNING * * *
You hit Grinder.
Grinder is heavily wounded.
Grinder hits you but does no damage. Grinder hits you.
You die...

.........##
>......... ###
.......... ...
#........ #.#
#...w.... #.#
........# ####.##
#......5# .†....#
#. .# #@# ####).#
#...###.#####
#..####...........#
#..........##.....#
####.##.#.........#
#..........#####..#
#.##.##..###
#..############ #
#†###.#
#.............. #.#
#.# #..############


You could see Grinder and a worm.

Vanquished Creatures
  A scorpion (D:2)
  Ijyb (D:3)
  An orc wizard (D:3)
  Robin (D:3)
  3 gnolls (D:3)
  3 orcs (D:3)
  4 ball pythons
  2 endoplasms
  10 giant cockroaches (D:2)
  14 goblins
  2 hobgoblins (D:3)
  7 jackals
  A quokka (D:2)
  4 bats
  6 frilled lizards
  A kobold (D:2)
  2 rats
63 creatures vanquished.

Vanquished Creatures (others)
  A gnoll (D:3)
  A butterfly (D:3)
2 creatures vanquished.

Grand Total: 65 creatures vanquished

Notes
Turn   | Place    | Note
-------+----------+-------------------------------------------
     0 | D:1      | boopmooplesden the Minotaur Fighter began the quest for the
                  | Orb.
     0 | D:1      | Reached XP level 1. HP: 19/19 MP: 0/0
   258 | D:1      | Reached XP level 2. HP: 24/27 MP: 1/1
   673 | D:2      | Reached skill level 4 in Armour
   737 | D:2      | Noticed a scorpion
   743 | D:2      | Killed a scorpion
   744 | D:2      | Reached skill level 1 in Dodging
   744 | D:2      | Reached XP level 3. HP: 30/33 MP: 2/2
   744 | D:2      | Reached XP level 4. HP: 36/40 MP: 3/3
   844 | D:2      | You fall into a shaft and drop 1 floor!
  1212 | D:3      | Found a white marble altar of Elyvilon.
  1221 | D:3      | Reached XP level 5. HP: 42/47 MP: 4/4
  1324 | D:3      | Found a radiant altar of Vehumet.
  1324 | D:3      | Noticed Ijyb
  1343 | D:3      | Killed Ijyb
  1350 | D:3      | Noticed Robin
  1358 | D:3      | Killed Robin
  1640 | D:3      | Reached skill level 5 in Armour
  1723 | D:3      | Noticed Grinder
  1731 | D:3      | HP: 1/47 [Grinder (6)]
  1732 | D:3      | Slain by Grinder

Illustrated notes

Levels and vault maps discovered:
D:1:      grunt_arrival_crossed_arrows, layout_basic, minmay_indecisive_spiral
D:2:      minmay_roachtagon, layout_loops_cross,
          hellmonk_ecumenical_altar_prayer_group,
          minmay_randomly_rotated_circles
D:3:      layout_loops_ring, nicolae_elyvilon_peaceful_grove,
          nicolae_vehumet_radiance, lemuel_old_faithful, uniq_robin,
          uniq_grinder, uniq_ijyb

Skill      XL: |  1  2  3  4  5 |
---------------+----------------+-----
Fighting       | 4 |  4.5
Armour         | 4 5 |  5.0
Axes           | 3 4 |  4.6
Dodging        | 1 |  1.2
Shields        | 4 |  4.3

Action                   |  1- 3 |  4- 6 || total
-------------------------+-------+-------++-------
Melee: War axe           |    50 |   105 ||   155
       Headbutt          |     6 |    19 ||    25
Armor: Scale mail        |    37 |    59 ||    96
Dodge: Dodged            |    32 |    39 ||    71
Block: Buckler           |    14 |    25 ||    39
